 Dungeon Crawl Stone Soup version 0.19.4-8-ga85b6b9 (webtiles) character file.

361 empire the Conjurer (level 6, 0/32 HPs)
             Began as a Deep Elf Conjurer on Feb 10, 2017.
             Slain by an ice beast (13 damage)
             ... on level 5 of the Dungeon.
             The game lasted 00:13:34 (5024 turns).

empire the Conjurer (Deep Elf Conjurer)             Turns: 5024, Time: 00:13:35

Health: 0/32       AC:  4    Str:  3 (5)  XL:     6   Next: 38%
Magic:  2/15       EV: 11    Int: 22      God:
Gold:   127        SH:  0    Dex: 15      Spells: 3 memorised, 7 levels left

rFire  . . .     SeeInvis .     b - +1 spear (flame)
rCold  . . .     Gourm    +     m - +0 leather armour
rNeg   . . .     Faith    .     (no shield)
rPois  +         Spirit   .     (no helmet)
rElec  .         Reflect  .     (no cloak)
rCorr  .         Harm     .     (no gloves)
MR     .....     Clarity  +     (no boots)
Stlth  ++........               j - amulet of the gourmand
                                (no ring)
                                p - ring of poison resistance

@: very slightly contaminated
A: rugged brown scales 1, clarity, poison resistance
a: no special abilities


You were on level 5 of the Dungeon.
You were very full.

You visited 1 branch of the dungeon, and saw 5 of its levels.

You collected 127 gold pieces.

Inventory:

Hand Weapons
 a - a +0 short sword
 b - a +1 spear of flaming (weapon)
Armour
 m - a +0 leather armour (worn)
Jewellery
 j - an amulet of the gourmand (around neck)
 p - a ring of poison resistance (left hand)
Scrolls
 d - a scroll of enchant weapon
 e - a scroll of recharging
 q - 2 scrolls of immolation
 r - 2 scrolls of identify
Books
 l - a book of Conjurations

   Spells                             Type                      Level
   a - Magic Dart                     Conjuration                  1
   b - Searing Ray                    Conjuration                  2
   c - Dazzling Spray                 Conjuration/Hexes            3
   d - Fulminant Prism                Conjuration/Hexes            4
   e - Iskenderun's Mystic Blast      Conjuration                  4
   f - Iskenderun's Battlesphere      Conjuration/Charms           5
Comestibles
 c - 2 bread rations
 f - 2 meat rations
 i - 8 fruits
 n - 2 beef jerkies


   Skills:
 - Level 2.4 Dodging
 - Level 2.4 Stealth
 + Level 5.0 Spellcasting
 - Level 7.0 Conjurations
 + Level 3.5 Hexes


You had 7 spell levels left.
You knew the following spells:

 Your Spells              Type           Power        Failure   Level  Hunger
a - Magic Dart            Conj           ####         1%          1    None
b - Dazzling Spray        Conj/Hex       ####..       10%         3    ##.....
c - Iskenderun's Mystic   Conj           #####...     14%         4    ####...


Dungeon Overview and Level Annotations

Branches:
Dungeon (5/15)
 Temple: D:4-7

Altars:
Ashenzari
Elyvilon
Fedhas
Nemelex Xobeh
Zin

Annotations:
D:3 Tramtrist's ghost, amateur MiBe
D:4 Dowan; Duvessa; Pikel
D:5 Thomus's ghost, novice DsWz


Innate Abilities, Weirdness & Mutations

You are partially covered in rugged brown scales. (AC +1, +3% HP)
You possess an exceptional clarity of mind.
Your system is resistant to poisons. (rPois)


Message History

Casting: Dazzling Spray
Confirm with . or Enter, or press ? or * to list all spells.
Aiming: Dazzling Spray
Press: ? - help, Shift-Dir - straight line, f/p - Duvessa
Aim: Duvessa, wielding a short sword (heavily wounded)
The spray of energy hits Duvessa.
Duvessa is severely wounded.
Duvessa is dazzled.
Duvessa hits you but does no damage.
Duvessa gestures with her weapon.
Dowan casts a spell.
Dowan blinks!
There is an escape hatch in the floor here.
You slide downwards.
The hatch slams shut behind you.
Level annotation: Thomus's ghost, novice DsWz
As you read the scroll labeled UMUSYE RUVVOEJ, it crumbles to dust.
You feel blessed for a moment.
It was a scroll of remove curse.
An ice beast comes into view.
The orc shouts! x2; You hear an angry hiss.
You hear a shout!
The ice beast hits you. The ice beast freezes you!
You die...

#####......#....##W####..########
..[......<.#.#####...............
........##.#.### ####..{.##.#####
..#<.........######.#.###.# #
#.#.######...รท..........#
#.#.#.....Y.#####.#..........
#...o.####o## #.#.#########
W..... #o..####....#
#o...#....#.@....#..#
#.#.....#..Y####...##
#.#..#.#.#.## ##.## #.....###..
.. ... #... .# #.### ##


You could see an ice beast, a sky beast and 2 orcs.

Vanquished Creatures
  A phantom (D:4)
  An orc wizard (D:4)
  Ijyb (D:3)
  Terence (D:2)
  5 adders
  A gnoll (D:1)
  A shadow imp (D:5)
  2 oozes (D:4)
  An adder zombie (D:5)
  A dart slug (D:3)
  A leopard gecko (D:1)
  9 orcs
  2 ball pythons (D:1)
  9 giant cockroaches
  10 goblins
  10 hobgoblins
  14 jackals
  4 quokkas (D:4)
  7 bats
  3 frilled lizards
  7 kobolds
  9 rats
100 creatures vanquished.

Notes
Turn   | Place    | Note
-------+----------+-------------------------------------------
     0 | D:1      | empire the Deep Elf Conjurer began the quest for the Orb.
     0 | D:1      | Reached XP level 1. HP: 10/10 MP: 6/6
   198 | D:2      | Reached XP level 2. HP: 15/15 MP: 5/8
   226 | D:2      | Reached skill level 5 in Conjurations
   229 | D:2      | Noticed Terence
   684 | D:1      | Reached XP level 3. HP: 19/19 MP: 3/9
  1834 | D:3      | Reached skill level 6 in Conjurations
  1836 | D:3      | Reached XP level 4. HP: 24/24 MP: 1/10
  2096 | D:2      | Found a shattered altar of Ashenzari.
  2221 | D:2      | Killed Terence
  2250 | D:2      | Gained mutation: You possess an exceptional clarity of mind. [potion of mutation]
  2250 | D:2      | Gained mutation: Your system is resistant to poisons. (rPois) [potion of mutation]
  2250 | D:2      | Gained mutation: You are partially covered in rugged brown scales. (AC +1, +3% HP) [potion of mutation]
  2558 | D:2      | Found a sparkling altar of Nemelex Xobeh.
  2887 | D:2      | Found a blossoming altar of Fedhas.
  3146 | D:2      | Reached skill level 7 in Conjurations
  3146 | D:2      | Reached XP level 5. HP: 28/28 MP: 5/11
  3151 | D:2      | Learned a level 3 spell: Dazzling Spray
  3156 | D:2      | Learned a level 4 spell: Iskenderun's Mystic Blast
  3258 | D:3      | Noticed Tramtrist's ghost (amateur MiBe)
  3286 | D:3      | Noticed Ijyb
  3291 | D:3      | Killed Ijyb
  3291 | D:3      | Reached skill level 1 in Hexes
  3441 | D:3      | Found a white marble altar of Elyvilon.
  3524 | D:3      | HP: 2/42 [poisoned by an adder]
  3916 | D:4      | Noticed a slave
  3916 | D:4      | Noticed a slave
  3916 | D:4      | Noticed Duvessa
  3916 | D:4      | Noticed Dowan
  3919 | D:4      | Noticed Pikel
  3931 | D:5      | Entered Level 5 of the Dungeon
  3933 | D:5      | Noticed a sky beast
  3935 | D:5      | Noticed Thomus's ghost (novice DsWz)
  4190 | D:4      | Noticed a phantom
  4211 | D:4      | Killed a phantom
  4211 | D:4      | Reached XP level 6. HP: 9/32 MP: 1/15
  4563 | D:4      | Found a glowing silver altar of Zin.
  4573 | D:4      | Reached skill level 5 in Spellcasting
  5023 | D:5      | Noticed an ice beast
  5024 | D:5      | Slain by an ice beast

Skill      XL: |  1  2  3  4  5  6 |
---------------+-------------------+-----
Conjurations   | 5 6 7 |  7.0
Hexes          | 3 |  3.5
Spellcasting   | 4 5 |  5.0
Dodging        | |  2.4
Stealth        | |  2.4

Action                   |  1- 3 |  4- 6 || total
-------------------------+-------+-------++-------
Melee: Spear             |    34 |    49 ||    83
 Cast: Magic Dart        |    59 |   137 ||   196
       Dazzling Spray    |       |     6 ||     6
  Use: Scroll            |       |     9 ||     9
       Potion            |       |     7 ||     7
 Stab: Sleeping          |     1 |     3 ||     4
       Invisible         |       |     2 ||     2
  Eat: Chunk             |    13 |    10 ||    23
Armor: Robe              |     1 |       ||     1
       Leather armour    |     9 |    28 ||    37
       Skin              |       |    18 ||    18
Dodge: Dodged            |    30 |    57 ||    87
